 Dungeon Crawl Stone Soup version 0.29-a0-409-gd843f3a48c (webtiles) character file.

Game seed: 6953930612801911807

5632 jlumianski the Cleaver (level 10, -6/74 (76) HPs)
             Began as a Demonspawn Fighter on May 13, 2022.
             Was a Believer of Okawaru.
             Mangled by a profane servitor
             ... wielding a +2 whip
              (7 damage)
             ... on level 1 of the Abyss on May 14, 2022.
             The game lasted 00:37:02 (7484 turns).

jlumianski the Cleaver (Demonspawn Fighter)         Turns: 7484, Time: 00:37:02

HP:   -6/74 (76)    AC: 12    Str: 20    XL:     10   Next: 46%
MP:   10/12         EV: 17    Int:  4    God:    Okawaru [**....]
Gold: 278           SH:  0    Dex: 22    Spells: 9/9 levels left

rFire   . . .      SeeInvis .   a - +0 war axe (drain)
rCold   . . .      Faith    .   (no shield)
rNeg    + . .      Spirit   .   M - +0 swamp dragon scales
rPois   +          Reflect  .   (no helmet)
rElec   .          Harm     .   f - +0 cloak
rCorr   .          Rampage  .   (gloves unavailable)
Will    .....                   (no boots)
Stlth   +++.......              n - amulet of regeneration
HPRegen 1.02/turn               J - ring of flight
MPRegen 0.13/turn               T - ring "Apirr" {rN+ Int-5 Dex+8}

@: heroic, flying, wreathed by umbra, lightly drained
A: claws 3, demonic magic 2
a: Renounce Religion, Heroism


You were on level 1 of the Abyss.
You worshipped Okawaru.
Okawaru was pleased with you.
You visited 2 branches of the dungeon, and saw 10 of its levels.
You visited the Abyss 1 time.

You collected 386 gold pieces.
You spent 108 gold pieces at shops.

Inventory:

Hand Weapons
 a - a +0 war axe of draining (weapon)
 d - a +1 flail of venom
 l - a +0 dagger of speed
 x - a +2 whip of flaming
 E - a +4 spear of freezing
 H - a +1 morningstar of flaming
 L - the +6 falchion "Jadecocw" {vamp, Will++ Str+5 Dex-4}
   (You found it on level 6 of the Dungeon)

   It occasionally heals its wielder for a portion of the damage dealt when it
   wounds a living foe.
   Str:       It affects your strength (+5).
   Dex:       It affects your dexterity (-4).
   Will:      It greatly increases your willpower.
 S - a +4 shortbow of freezing
Missiles
 j - 151 stones
 m - 29 poisoned darts (quivered)
 s - 6 atropa-tipped darts
 F - 4 boomerangs
Armour
 b - a +0 scale mail
 c - a +0 buckler
 f - a +0 cloak (worn)
 g - a +0 pair of gloves
 o - a +1 scale mail of cold resistance
 M - +0 swamp dragon scales (worn)
Jewellery
 n - an amulet of regeneration (around neck)
 t - an amulet of magic regeneration
 J - a ring of flight (left claw)
 T - the ring "Apirr" (right claw) {rN+ Int-5 Dex+8}
   (You found it on level 8 of the Dungeon)

   [ring of positive energy]

   Int:       It affects your intelligence (-5).
   Dex:       It affects your dexterity (+8).
   rN:        It protects you from negative energy.
Wands
 y - a wand of iceblast (8)
 D - a wand of digging (2)
 K - a wand of paralysis (2)
Scrolls
 e - 3 scrolls of amnesia
 k - 5 scrolls of immolation
 q - 2 scrolls of teleportation
 v - a scroll of magic mapping
 A - 2 scrolls of vulnerability
 C - a scroll of fear
 O - a scroll of brand weapon
 P - a scroll of blinking {unknown}
 Q - a scroll of enchant armour {unknown}
 R - a scroll of fog
 U - a scroll of summoning {unknown}
Potions
 h - 2 potions of curing
 i - 2 potions of attraction
 p - 2 potions of flight
 r - a potion of magic
 u - a potion of heal wounds
 w - a potion of haste
 z - 3 potions of might
 B - a potion of resistance
 G - a potion of ambrosia
 I - 2 potions of degeneration
 N - a potion of brilliance {unknown}


   Skills:
 + Level 6.2(11.2) Fighting
 * Level 9.6(14.6) Axes
 + Level 3.2(8.2) Throwing
 + Level 6.9(11.9) Armour
 + Level 3.5(8.5) Dodging
 + Level 1.0(6.0) Stealth
 + Level 4.5(9.5) Shields
 - Level 1.6(6.6) Unarmed Combat
 * Level 3.3 Invocations
 + Level 0.1 Evocations


You had 9 spell levels left.
You didn't know any spells.
Your spell library contained the following spells:

 Spells                   Type           Power      Damage    Failure   Level
 Apportation              Tloc           0%         N/A       63%         1
 Foxfire                  Conj/Fire      0%         2x1d4     63%         1
 Freeze                   Ice            0%         1d3       63%         1
 Ensorcelled Hibernation  Hex/Ice        0%         N/A       77%         2
 Passwall                 Tmut/Erth      0%         N/A       77%         2
 Conjure Flame            Conj/Fire      0%         6-21      94%         3
 Frozen Ramparts          Ice            0%         1d2       94%         3
 Inner Flame              Hex/Fire       0%         N/A       94%         3
 Swiftness                Air            0%         N/A       94%         3
 Flame Wave               Conj/Fire      0%         2d4       100%        4
 Hailstorm                Conj/Ice       0%         3d3       100%        4
 Alistair's Intoxication  Tmut/Pois      0%         N/A       100%        5
 Storm Form               Tmut/Air       0%         N/A       100%        7


Dungeon Overview and Level Annotations

Branches:
Dungeon (9/15)             Temple (1/1) D:6
   Lair: D:8-11         Orc: D:9-12

Altars:
Ashenzari
Cheibriados
Dithmenos
Elyvilon
Fedhas
Gozag
Hepliaklqana
Kikubaaqudgha
Makhleb
Nemelex Xobeh
Okawaru
Ru
Sif Muna
Trog
Vehumet
Wu Jian
Xom
Zin
The Shining One

Shops:
D:4 **[(   D:7 :

Annotations:
D:5 1 transporter, croobank's ghost, weakling GnDe
D:9 Erolcha


Innate Abilities, Weirdness & Mutations

You have claws for hands.
Spells you cast may paralyse nearby enemies.


Message History

Found a gateway leading deeper into the Abyss.
There is a gateway leading deeper into the Abyss, spattered with blood here.
Found a corrupted altar of Lugonu.
A large abomination comes into view.
Found a gateway leading deeper into the Abyss.
There is a corrupted altar of Lugonu here.
Found a gateway leading deeper into the Abyss.
A profane servitor comes into view. It is wielding a +2 whip.
A small abomination comes into view.
There is a gateway leading deeper into the Abyss here.
The profane servitor attacks as you move away!
The profane servitor completely misses you.
The profane servitor hits you with a +2 whip.
A will-o-the-wisp comes into view.
The profane servitor hits you with a +2 whip!!
The profane servitor draws strength from your injuries!
The profane servitor completely misses you.
You gain the combat prowess of a mighty hero.
The profane servitor hits you with a +2 whip!
The profane servitor draws strength from your injuries!
The profane servitor hits you but does no damage.
You completely miss the profane servitor.
The profane servitor hits you with a +2 whip!
The profane servitor draws strength from your injuries!
The profane servitor hits you but does no damage.
You hit the profane servitor but do no damage.
The profane servitor hits you with a +2 whip.
The profane servitor hits you with a +2 whip!
You barely miss the profane servitor.
The profane servitor hits you with a +2 whip!
* * * LOW HITPOINT WARNING * * *
The profane servitor draws strength from your injuries!
The profane servitor hits you with a +2 whip.
* * * LOW HITPOINT WARNING * * *
You partially resist.
You feel drained.
The profane servitor hits you with a +2 whip.
* * * LOW HITPOINT WARNING * * *
The profane servitor draws strength from your injuries!
The profane servitor hits you with a +2 whip!
You die...

..x........#####
.# #.....#.# ##
... # .#...>. .
# . ###
#.#.#.###.#...#
#.... #..#.#.#.#
##.. # #.#.
#..#..#..# # ##
#.#..#..#....###
# #....##AX....#
#...@####...# #.
##.##....#...# #
# #....#..#
.........
......... ......
.. #... .#. #..


You could see a profane servitor and a large abomination.

Vanquished Creatures
  A boulder beetle (D:8)
  Pikel (D:4)
  Maggie (D:7)
  A troll (D:8)
  3 yaks
  A shadow (D:7)
  A wraith (D:8)
  Duvessa (D:6)
  4 ice beasts
  2 black bears
  A sky beast (D:7)
  A centaur (D:6)
  3 ogres
  2 lemures (D:3)
  3 phantoms
  Blork the orc (D:3)
  2 kobold brigands (D:7)
  A necrophage (D:7)
  5 bullfrogs
  4 scorpions
  Dowan (D:6)
  4 wights
  2 electric eels (D:7)
  3 howler monkeys
  A jelly (D:5)
  3 hounds
  3 orc priests
  Jessica (D:2)
  2 iguanas
  Ijyb (D:4)
  9 orc wizards
  Natasha (twice) (D:2)
  8 adders
  A gnoll (D:2)
  A shadow imp (D:8)
  A white imp (D:5)
  An ufetubus (D:5)
  3 dart slugs
  27 orcs
  10 endoplasms
  6 giant cockroaches
  8 goblins
  8 hobgoblins
  3 jackals (D:1)
  3 quokkas
  7 ball pythons
  9 bats
  5 frilled lizards
  14 kobolds
  8 rats
194 creatures vanquished.

Vanquished Creatures (others)
  3 plants (D:7)
3 creatures vanquished.

Grand Total: 197 creatures vanquished

Notes
Turn   | Place    | Note
-------+----------+-------------------------------------------
     0 | D:1      | jlumianski the Demonspawn Fighter began the quest for the
                  | Orb.
     0 | D:1      | Reached XP level 1. HP: 18/18 MP: 1/1
   107 | D:1      | Gained mutation: Spells you cast may paralyse adjacent
                  | enemies. [demonic ancestry]
   107 | D:1      | Reached XP level 2. HP: 14/24 MP: 2/2
   525 | D:1      | Reached skill level 2 in Axes
   560 | D:1      | Reached XP level 3. HP: 29/29 MP: 3/3
  1394 | D:2      | Reached XP level 4. HP: 35/35 MP: 4/4
  1442 | D:2      | Noticed Jessica
  1448 | D:2      | Killed Jessica
  1449 | D:2      | Reached skill level 3 in Axes
  1569 | D:2      | Noticed Natasha
  1593 | D:2      | Killed Natasha
  1594 | D:2      | Reached XP level 5. HP: 41/41 MP: 5/5
  1969 | D:2      | Noticed Natasha
  1978 | D:2      | Killed Natasha
  2233 | D:3      | Reached skill level 1 in Dodging
  2579 | D:4      | Noticed a lemure
  2579 | D:4      | Noticed a lemure
  2643 | D:3      | Killed a lemure
  2663 | D:3      | Killed a lemure
  2763 | D:4      | Noticed Blork the orc
  2781 | D:3      | Gained mutation: You have sharp fingernails. [demonic
                  | ancestry]
  2781 | D:3      | Reached XP level 6. HP: 16/48 MP: 6/6
  2826 | D:3      | HP: 1/48 [Blork the orc/+1 flail of venom (3)]
  2828 | D:3      | Killed Blork the orc
  2829 | D:3      | Reached skill level 4 in Axes
  2900 | D:4      | Found Kunne's Weapon Shop.
  2962 | D:4      | Found Nouvyddu's Antique Armour Shoppe.
  2995 | D:4      | Bought a pair of gloves for 108 gold pieces
  3025 | D:4      | Reached XP level 7. HP: 25/53 MP: 7/7
  3086 | D:4      | Found Hotoegae's General Store.
  3123 | D:4      | Noticed Ijyb
  3133 | D:4      | Killed Ijyb
  3134 | D:4      | Reached skill level 5 in Axes
  3267 | D:4      | Found Dydet's General Store.
  3274 | D:4      | Noticed Pikel
  3288 | D:4      | Killed Pikel
  3289 | D:4      | Reached skill level 6 in Axes
  3289 | D:4      | Reached skill level 1 in Throwing
  3289 | D:4      | Gained mutation: Spells you cast may paralyse nearby
                  | enemies. [demonic ancestry]
  3289 | D:4      | Reached XP level 8. HP: 44/61 MP: 8/8
  3469 | D:5      | Entered Level 5 of the Dungeon
  3595 | D:5      | Reached skill level 7 in Axes
  3642 | D:5      | Found a hazy altar of Hepliaklqana.
  3648 | D:5      | Found a broken altar of Ashenzari.
  3842 | D:5      | Found a transporter.
  3846 | D:5      | Noticed croobank's ghost (weakling GnDe)
  3998 | D:5      | Found a shimmering blue altar of Sif Muna.
  4197 | D:5      | Reached skill level 5 in Armour
  4203 | D:5      | Reached skill level 5 in Fighting
  4411 | D:5      | Reached skill level 1 in Stealth
  4464 | D:6      | Gained mutation: You have very sharp fingernails. [demonic
                  | ancestry]
  4464 | D:6      | Reached XP level 9. HP: 53/68 MP: 9/9
  4796 | D:6      | Identified the +6 falchion "Jadecocw" {vamp, Will++ Str+5
                  | Dex-4}
  5016 | D:6      | Found a staircase to the Ecumenical Temple.
  5033 | Temple   | Entered the Ecumenical Temple
  5160 | Temple   | Became a worshipper of Warmaster Okawaru
  5403 | D:7      | Noticed Maggie
  5427 | D:7      | Killed Maggie
  5428 | D:7      | Reached skill level 8 in Axes
  5467 | D:7      | Found Oroc's Book Emporium.
  5485 | D:7      | Noticed Duvessa
  5510 | D:7      | Noticed Dowan
  5542 | D:6      | Killed Duvessa
  5545 | D:6      | Killed Dowan
  5559 | D:7      | Reached * piety under Okawaru
  5748 | D:7      | Reached skill level 9 in Axes
  6377 | D:8      | Gained mutation: You have claws for hands. [demonic
                  | ancestry]
  6377 | D:8      | Reached XP level 10. HP: 72/74 MP: 10/10
  6602 | D:7      | Reached ** piety under Okawaru
  6603 | D:7      | Reached skill level 1 in Unarmed Combat
  6724 | D:8      | Reached skill level 1 in Invocations
  6792 | D:8      | Noticed a boulder beetle
  6991 | D:8      | Got the Collected Works on Air
  7003 | D:8      | Identified the ring "Apirr" {rN+ Int-5 Dex+8}
  7055 | D:8      | Killed a boulder beetle
  7292 | D:9      | Noticed Erolcha
  7355 | D:9      | Cast into level 1 of the Abyss (Erolcha)
  7446 | Abyss:1  | Found a corrupted altar of Lugonu.
  7468 | Abyss:1  | Noticed a profane servitor
  7480 | Abyss:1  | Noticed a will-o-the-wisp
  7484 | Abyss:1  | HP: 1/74 [profane servitor/+2 whip (4)]
  7484 | Abyss:1  | Mangled by a profane servitor

Illustrated notes

Levels and vault maps discovered:
D:1:      onia_arrival_pentagram, layout_basic, grunt_decor_clamped
D:2:      minmay_angry_zag, layout_basic, minmay_fractal_squares_gapless_5,
          uniq_natasha, uniq_jessica
D:3:      layout_rooms
D:4:      layout_basic, serial_shops, nicolae_shop_advertising_works
          [nicolae_subvault_shop_adworks], nicolae_stop_n_shop_2, shop,
          nicolae_shop_statue_plus, kennysheep_generic_room_13, uniq_pikel,
          uniq_blork_the_orc, uniq_ijyb
D:5:      layout_basic, nicolae_sif_muna_little_library,
          grunt_temple_overflow_open, gammafunk_ghost_smash,
          minmay_misc_feat_doors, hangedman_decor_slide_cut
D:6:      layout_basic, minmay_temple_entry_statues_fountains,
          hangedman_decor_peaks_small
D:7:      layout_rooms, serial_shops, kennysheep_mini_moat, serial_bayou_lake_a,
          uniq_duvessa, uniq_maggie
D:8:      black_bear_nest_1, layout_basic, minmay_diamond_spiral
D:9:      layout_loops_ring, lair_entry_dummy, uniq_erolcha
Temple:   nicolae_temple_x_marks_the_god
Abyss:1:  base:
D:6

Skill      XL: |  1  2  3  4  5  6  7  8  9 10 |
---------------+-------------------------------+-----
Armour         | 3 4 5 6 |  6.9
Axes           | 2 3 4 6 7 9 |  9.6
Shields        | 3 4 |  4.5
Dodging        | 1 2 3 |  3.5
Fighting       | 4 5 6 |  6.2
Throwing       | 1 2 3 |  3.2
Stealth        | 1 |  1.0
Unarmed Combat | 1 |  1.6
Invocations    | 3 |  3.3
Evocations     | |  0.1

Action                   |  1- 3 |  4- 6 |  7- 9 | 10-12 || total
-------------------------+-------+-------+-------+-------++-------
Melee: War axe           |   124 |   172 |   319 |    55 ||   670
       Unarmed           |       |       |       |    87 ||    87
       Punch             |       |       |       |     2 ||     2
Throw: Dart              |       |    12 |    35 |    13 ||    60
Invok: Heroism           |       |       |       |     2 ||     2
Evoke: Wand              |       |       |     3 |     1 ||     4
  Use: Scroll            |       |     7 |     8 |       ||    15
       Potion            |       |     3 |     3 |       ||     6
Armor: Scale mail        |    76 |    82 |   111 |       ||   269
       Swamp dragon scal |       |       |    50 |    46 ||    96
Dodge: Dodged            |    78 |    71 |   152 |    84 ||   385
Block: Buckler           |    30 |    40 |    96 |     1 ||   167

Table legend: (Time is in decaauts)
 A = Elapsed time spent in this place.
 B = Non-inter-level travel time spent in this place.
 C = Inter-level travel time spent in this place.
 D = Time resting spent in this place.
 E = Time spent auto-exploring this place.
 F = Levels seen in this place.
 G = Mean time per level.
                   A        B        C        D        E       F      G
               +--------+--------+--------+--------+--------+-----+--------+
         Total |   7754 |   7629 |    125 |    270 |   4105 |  11 |  704.9 |
       Dungeon |   7479 |   7354 |    125 |    270 |   4105 |   9 |  831.0 |
        Temple |    146 |    146 |      0 |      0 |      0 |   1 |  146.0 |
         Abyss |    128 |    128 |      0 |      0 |      0 |   1 |  128.0 |
               +--------+--------+--------+--------+--------+-----+--------+

Top non-repeatable levels by time:
     D:2: 1084 daAuts
     D:8: 1044 daAuts
     D:1: 1028 daAuts
     D:5: 989 daAuts
     D:4: 910 daAuts
     D:6: 839 daAuts
     D:7: 817 daAuts
     D:3: 604 daAuts
     D:9: 161 daAuts
  Temple: 146 daAuts
 Abyss:1: 128 daAuts
